 Dungeon Crawl Stone Soup version 0.21-a0-442-g848f44b (webtiles) character file.

58 theanonym the Skirmisher (level 4, 0/49 HPs)
             Began as an Ogre Monk on Nov 15, 2017.
             Slain by a phantom (5 damage)
             ... on level 2 of the Dungeon.
             The game lasted 00:02:33 (2165 turns).

theanonym the Skirmisher (Ogre Monk)                Turns: 2165, Time: 00:02:34

Health: 0/49       AC:  3    Str: 16    XL:     4   Next: 2%
Magic:  4/4        EV: 10    Int: 11    God:
Gold:   83         SH:  0    Dex: 11    Spells: 3/3 levels left

rFire    + . .     SeeInvis .   a - +0 mace
rCold    + . .     Gourm    .   (no shield)
rNeg     . . .     Faith    .   b - +0 robe
rPois    +         Spirit   .   (helmet restricted)
rElec    +         Reflect  .   (no cloak)
rCorr    +         Harm     .   (gloves unavailable)
MR       .....                  (boots unavailable)
Stlth    ++........             (no amulet)
HPRegen  0.16/turn              (no ring)
MPRegen  0.09/turn              (no ring)

@: resistant, very slightly contaminated, invisible
A: unfitting armour, tough skin 1
a: no special abilities


Innate Abilities, Weirdness & Mutations

You are too large for most types of armour.
You have tough skin. (AC +1)


   Skills:
 + Level 4.4 Fighting
 * Level 4.1 Maces & Flails
 - Level 2.6 Dodging
 - Level 1.4 Stealth


You had 3 spell levels left.
You didn't know any spells.

Skill      XL: |  1  2  3 |
---------------+----------+-----
Maces & Flails | 3 4 |  4.1
Fighting       | |  4.4
Dodging        | |  2.6
Stealth        | |  1.4

Action                   |  1- 3 |  4- 6 || total
-------------------------+-------+-------++-------
Melee: Mace              |   122 |    23 ||   145
Throw: Stone             |       |    13 ||    13
  Use: Potion            |       |     2 ||     2
 Stab: Sleeping          |     1 |       ||     1
       Invisible         |       |     2 ||     2
  Eat: Chunk             |     3 |     1 ||     4
Armor: Robe              |    55 |     2 ||    57
Dodge: Dodged            |    92 |    12 ||   104

Inventory:

Hand Weapons
 a - a +0 mace (weapon)
Missiles
 e - 27 stones (quivered)
Armour
 b - a +0 robe (worn)
Wands
 l - a wand of confusion (34/48)
   (You found it on level 2 of the Dungeon)
Scrolls
 g - a scroll of blinking {unknown}
 k - 2 scrolls of teleportation {unknown}
 m - a scroll of random uselessness {unknown}
Potions
 d - a potion of resistance
 f - a potion of curing {unknown}
 h - a potion of haste {unknown}
 i - a potion of lignification {unknown}
 j - a potion of invisibility
Comestibles
 c - 2 bread rations

Dungeon Overview and Level Annotations

Branches:
Dungeon (2/15)

Altars:
Okawaru


You were on level 2 of the Dungeon.
You were not hungry.

You visited 1 branch of the dungeon, and saw 2 of its levels.

You collected 83 gold pieces.


Message History

You throw a stone. The stone closely misses the phantom.
Aim: a phantom You throw a stone.
The stone closely misses the phantom.
Aim: a phantom You throw a stone.
The stone hits the phantom but does no damage.
Aim: a phantom You throw a stone.
The stone hits the phantom.
You closely miss the phantom.
The phantom hits you but does no damage.
The phantom hits you.
The phantom blinks!
You take 6 damage, and have 43/49 hp.
You hit the phantom but do no damage. The phantom closely misses you.
You hit the phantom. The phantom hits you.
You take 5 damage, and have 38/49 hp.
You hit the phantom. The phantom completely misses you.
You closely miss the phantom. The phantom hits you.
The phantom blinks!
You take 6 damage, and have 32/49 hp.
You are too injured to fight recklessly!
You are too injured to fight recklessly!
You are too injured to fight recklessly!
You are too injured to fight recklessly!
You are too injured to fight recklessly!
You are too injured to fight recklessly!
You are too injured to fight recklessly!
You are too injured to fight recklessly!
You are too injured to fight recklessly!
You are too injured to fight recklessly!
You are too injured to fight recklessly!
You are too injured to fight recklessly!
You are too injured to fight recklessly!
You are too injured to fight recklessly!
You are too injured to fight recklessly!
You are too injured to fight recklessly!
You are too injured to fight recklessly!
Aim: a phantom (lightly damaged)
You throw a stone.
The stone hits the phantom but does no damage.
The phantom hits you!
* * * LOW HITPOINT WARNING * * *
You take 8 damage, and have 24/49 hp.
Unknown command.
Aim: a phantom (lightly damaged)
You throw a stone. The stone closely misses the phantom.
The phantom hits you.
* * * LOW HITPOINT WARNING * * *
The phantom blinks!
You take 1 damage, and have 23/49 hp.
Aim: a phantom (lightly damaged)
You throw a stone. The stone closely misses the phantom.
Aim: a phantom (lightly damaged)
You throw a stone.
The stone hits the phantom but does no damage.
Aim: a phantom (lightly damaged)
You throw a stone.
The stone hits the phantom but does no damage.
Aim: a phantom You throw a stone.
The stone barely misses the phantom.
Okay, then.
You hit the phantom. The phantom hits you.
* * * LOW HITPOINT WARNING * * *
You take 3 damage, and have 21/49 hp.
You hit the phantom. The phantom closely misses you.
You hit the phantom. The phantom closely misses you.
You thump the phantom! The phantom hits you!
* * * LOW HITPOINT WARNING * * *
The phantom blinks! x2
You take 10 damage, and have 12/49 hp.
MASSIVE DAMAGE!!
You closely miss the phantom. The phantom barely misses you.
You miss the phantom. The phantom barely misses you.
You hit the phantom.
The phantom hits you but does no damage.
You barely miss the phantom. The phantom closely misses you.
You barely miss the phantom. The phantom hits you.
* * * LOW HITPOINT WARNING * * *
The phantom hits you.
* * * LOW HITPOINT WARNING * * *
The phantom blinks!
You take 7 damage, and have 6/49 hp.
You see here a stone.
The phantom blinks!
You see here a stone.
You see here a stone.
You closely miss the phantom. The phantom completely misses you.
The phantom blinks!
You hit the phantom. The phantom hits you.
* * * LOW HITPOINT WARNING * * *
The phantom blinks!
You take 5 damage, and have 3/49 hp.
It was a potion of resistance.
You feel protected.
It was a potion of invisibility.
You fade into invisibility!
You are very lightly contaminated with residual magic.
You catch the helpless phantom completely off-guard!
You sock the phantom! The phantom closely misses you.
You barely miss the phantom. The phantom closely misses you.
You strike the helpless phantom from behind!
You hit the phantom. You barely miss the phantom. The phantom hits you.
You die...

..#.##.##)#...# #.#
..#.##.##.#<..# ####(#####
.......##.########..((....#
.###.####.#..............(#
.'...# #.#.######.(....(.#
.##### #.#.# #.(...(..# .#
#.#.# #(...(..(#
#########.#.######........#
................@......(......
.................W.....#....##
#####.....#..#########.#....#
......######.# #......#
......# #.# ##.#+### .....##
#.# #.# .....## #.# .# ......#
#.# ......######.#


You could see a phantom.

Notes
Turn   | Place    | Note
-------+----------+-------------------------------------------
     0 | D:1      | theanonym the Ogre Monk began the quest for the Orb.
     0 | D:1      | Reached XP level 1. HP: 24/24 MP: 1/1
    41 | D:1      | Reached skill level 3 in Maces & Flails
   112 | D:1      | Reached XP level 2. HP: 25/32 MP: 2/2
   127 | D:1      | HP: 16/32 [kobold/short sword of speed (3)]
   128 | D:1      | HP: 3/32 [kobold/short sword of speed (5)]
  1060 | D:1      | Reached XP level 3. HP: 39/39 MP: 3/3
  1330 | D:2      | Noticed a phantom
  1337 | D:2      | Found an iron altar of Okawaru.
  1359 | D:2      | HP: 13/39 [phantom (7)]
  1370 | D:2      | HP: 11/39 [goblin (2)]
  1961 | D:2      | Reached skill level 4 in Maces & Flails
  1983 | D:2      | Reached XP level 4. HP: 40/49 MP: 4/4
  2129 | D:2      | HP: 24/49 [phantom (8)]
  2135 | D:2      | HP: 21/49 [phantom (3)]
  2144 | D:2      | HP: 12/49 [phantom (1)]
  2157 | D:2      | HP: 3/49 [phantom (5)]
  2165 | D:2      | Slain by a phantom

Vanquished Creatures
  2 adders (D:2)
  2 dart slugs (D:1)
  2 ball pythons (D:2)
  A giant cockroach (D:1)
  5 goblins
  5 hobgoblins
  7 kobolds
  4 bats
  8 rats
36 creatures vanquished.
